 Dungeon Crawl Stone Soup version 0.21.1-1-g345015fe64 (webtiles) character file.

497 DildoBatman the Skirmisher (level 7, -2/56 HPs)
             Began as a Formicid Enchanter on Apr 22, 2018.
             Slain by a scorpion (5 damage)
             ... on level 6 of the Dungeon.
             The game lasted 00:13:42 (3338 turns).

DildoBatman the Skirmisher (Formicid Enchanter)     Turns: 3338, Time: 00:13:43

Health: -2/56      AC:  8    Str: 14    XL:     7   Next: 39%
Magic:  10/10      EV: 11    Int: 15    God:
Gold:   166        SH:  0    Dex: 11    Spells: 6/10 levels left

rFire    . . .     SeeInvis +   a - +3 dagger (drain)
rCold    . . .     Gourm    .   (no shield)
rNeg     . . .     Faith    .   A - +0 ring mail
rPois    .         Spirit   .   (helmet unavailable)
rElec    .         Reflect  .   y - scarf {repulsion}
rCorr    .         Harm     .   j - +0 pair of gloves
MR       .....                  r - +0 pair of boots
Stlth    ++........             (no amulet)
HPRegen  0.18/turn              (no ring)
MPRegen  0.12/turn              (no ring)

@: starving, repel missiles
A: permanent stasis, dig shafts and tunnels, four strong arms, antennae 3
a: Dig, Shaft Self


You were on level 6 of the Dungeon.
You were starving.

You visited 1 branch of the dungeon, and saw 6 of its levels.

You collected 166 gold pieces.

Inventory:

Hand Weapons
 a - a +3 dagger of draining (weapon)
 m - a +1 whip of freezing
Missiles
 f - 37 arrows
 g - 82 bolts
 l - 77 stones (quivered)
 o - 12 poisoned needles
 x - 22 sling bullets
Armour
 j - a +0 pair of gloves (worn)
 r - a +0 pair of boots (worn)
 y - a scarf of repulsion (worn)
 z - a scarf of cloud immunity
 A - a +0 ring mail (worn)
 B - a +0 leather armour of magic resistance
Scrolls
 b - a scroll of magic mapping {unknown}
 d - a scroll of enchant weapon {unknown}
 h - 2 scrolls of teleportation {unknown}
 i - 2 scrolls of random uselessness {unknown}
 n - 8 scrolls of identify {unknown}
 u - a scroll of enchant armour {unknown}
 w - a scroll of blinking {unknown}
Potions
 e - 3 potions of heal wounds {unknown}
 k - 2 potions of haste {unknown}
 p - a potion of might {unknown}
 q - 2 potions of cancellation {unknown}
 s - a potion of degeneration {unknown}
 t - 2 potions of berserk rage {unknown}
Books
 c - a book of Maledictions

   Spells                             Type                      Level
   a - Corona                         Hexes                        1
   b - Ensorcelled Hibernation        Hexes/Ice                    2
   c - Confuse                        Hexes                        3
   d - Tukima's Dance                 Hexes                        3
   e - Dazzling Spray                 Conjuration/Hexes            3
Comestibles
 v - 6 rations


   Skills:
 * Level 5.3 Fighting
 - Level 1.0 Short Blades
 * Level 4.5 Armour
 * Level 2.4 Dodging
 * Level 4.5 Stealth
 - Level 2.1 Spellcasting
 - Level 3.6 Hexes


You had 6 spell levels left.
You knew the following spells:

 Your Spells              Type           Power        Failure   Level  Hunger
a - Corona                Hex            ##.....      10%         1    #......
b - Confuse               Hex            ##......     28%         3    ###....


Dungeon Overview and Level Annotations

Branches:
Dungeon (6/15)
 Temple: D:4-7

Altars:
Cheibriados
Hepliaklqana

Shops:
D:6 [

Annotations:
D:3 Knicklaso's ghost, amateur HOMo
D:4 exclusion: 6 sensed monsters (detected), Blork the orc
D:5 DildoBatman's ghost, amateur FoEn
D:6 1 exclusion


Innate Abilities, Weirdness & Mutations

You cannot be hasted, slowed, berserked, paralysed or teleported.
You can dig through walls and to a lower floor.
Your four strong arms can wield two-handed weapons with a shield.
You have a pair of large antennae on your head. (SInv)


Message History

The centaur hits you but does no damage.
The centaur barely misses you.
You hit the centaur but do no damage.
The centaur is almost dead.
The scorpion stings you but does no damage.
The centaur closely misses you.
You hit the centaur but do no damage.
The centaur is almost dead.
The centaur barely misses you. The scorpion completely misses you.
The centaur barely misses you.
You hit the centaur but do no damage. You drain the centaur!
The centaur is almost dead.
The scorpion stings you!
The centaur hits you but does no damage.
You hit the centaur.
You kill the centaur!
The scorpion stings you.
You die...

... { # ###.#+#######
#.########
............#
#.#......####..
#.........#
#.'..........._
#.........#
###......#.....
#.........# #......#
{...
#.........#####......#
{ .
#............)†......#
{ .
#.#.######..@P.......#
.. #.#.# #..PsP......#
o.. #>#.#
#..PPP......# . ###.#
#...........# { #.#
############# #.#
#######.# ........#
#########


You could see a scorpion.

Vanquished Creatures
  A sky beast (D:5)
  A centaur (D:6)
  A bullfrog (D:6)
  An orc priest (D:5)
  2 hounds (D:5)
  2 orc wizards (D:5)
  A worker ant (D:6)
  3 adders
  An adder skeleton (D:5)
  A worm (D:3)
  A dart slug (D:3)
  5 leopard geckos
  4 orcs
  2 giant cockroaches (D:3)
  4 goblins
  4 hobgoblins
  5 jackals (D:2)
  4 quokkas (D:5)
  A ball python (D:1)
  5 bats
  3 frilled lizards
  9 kobolds
  7 rats
68 creatures vanquished.

Vanquished Creatures (others)
  A plant (D:6)
1 creature vanquished.

Grand Total: 69 creatures vanquished

Notes
Turn   | Place    | Note
-------+----------+-------------------------------------------
     0 | D:1      | DildoBatman the Formicid Enchanter began the quest for the Orb.
     0 | D:1      | Reached XP level 1. HP: 13/13 MP: 3/3
   325 | D:1      | Reached skill level 1 in Fighting
   355 | D:1      | Reached XP level 2. HP: 16/22 MP: 5/5
   368 | D:1      | Reached skill level 2 in Fighting
   744 | D:1      | Reached XP level 3. HP: 22/28 MP: 6/6
   766 | D:1      | Learned a level 3 spell: Confuse
  1322 | D:2      | Reached skill level 3 in Fighting
  1630 | D:3      | Noticed Knicklaso's ghost (amateur HOMo)
  1834 | D:3      | Reached XP level 4. HP: 30/35 MP: 7/7
  1843 | D:3      | Reached skill level 1 in Armour
  2322 | D:4      | Noticed a phantom
  2407 | D:4      | Noticed an ogre
  2421 | D:4      | Found a snail-covered altar of Cheibriados.
  2449 | D:4      | Noticed a phantom
  2471 | D:4      | Noticed Blork the orc
  2491 | D:5      | Entered Level 5 of the Dungeon
  2532 | D:5      | Reached XP level 5. HP: 19/41 MP: 8/8
  2581 | D:5      | Reached skill level 4 in Fighting
  2581 | D:5      | Reached XP level 6. HP: 19/49 MP: 9/9
  2587 | D:5      | HP: 2/49 [orc priest/nerve-wracking pain (7)]
  2919 | D:5      | Noticed DildoBatman's ghost (amateur FoEn)
  2922 | D:5      | Noticed a sky beast
  3019 | D:5      | Killed a sky beast
  3019 | D:5      | Reached skill level 5 in Fighting
  3276 | D:6      | Found Eseiluo's Antique Armour Emporium.
  3294 | D:6      | Found a hazy altar of Hepliaklqana.
  3321 | D:6      | Reached XP level 7. HP: 26/56 MP: 10/10
  3338 | D:6      | Slain by a scorpion

Skill      XL: |  1  2  3  4  5  6 |
---------------+-------------------+-----
Fighting       | 1 2 3 4 5 |  5.3
Dodging        | 2 |  2.4
Stealth        | 4 |  4.5
Armour         | 3 4 |  4.5
Short Blades   | |  1.0
Spellcasting   | |  2.1
Hexes          | |  3.6

Action                   |  1- 3 |  4- 6 |  7- 9 || total
-------------------------+-------+-------+-------++-------
Melee: Dagger            |    81 |   181 |    16 ||   278
 Cast: Corona            |     8 |     3 |       ||    11
 Abil: Dig               |       |    14 |       ||    14
 Stab: Sleeping          |     6 |     2 |       ||     8
  Eat: Chunk             |     3 |     4 |       ||     7
Armor: Robe              |    10 |       |       ||    10
       Ring mail         |     1 |   144 |     8 ||   153
Dodge: Dodged            |    43 |   194 |    16 ||   253
       Deflected         |       |     3 |       ||     3
